 Dungeon Crawl Stone Soup version 0.31-a0-152-g6aa68a64a1 (webtiles) character file.

Game seed: 12908278586321428679

74284 qw the Severer (level 15, -19/98 HPs)
             Began as a Gargoyle Fighter on June 11, 2023.
             Was a High Priest of Okawaru.
             Demolished by a very large slime creature (48 damage)
             ... on level 14 of the Dungeon.
             The game lasted 00:09:01 (18171 turns).

qw the Severer (Gargoyle Fighter)                  Turns: 18171, Time: 00:09:01

Health: -19/98     AC: 33    Str: 35    XL:     15   Next: 46%
Magic:  22/22      EV: 13    Int: 15    God:    Okawaru [*****.]
Gold:   391        SH: 12    Dex:  9    Spells: 14/14 levels left

rFire   + + .        Y - +5 broad axe (heavy)
rCold   + . .        c - +0 buckler
rNeg    + . .        f - +5 scale mail "Qabuisma" {rF+ Will++}
rPois   inf          z - +2 hat
rElec   +            v - +2 cloak
rCorr   .            C - -1 pair of gloves of Pocriah {Int+5 Slay+3}
SInv    .            w - +0 pair of boots of the Cooper {rF+ Str+3}
Will    +++..        a - amulet of reflection
Stlth   +            t - +6 ring of strength
HPRegen 0.36/turn    G - ring of protection from cold
MPRegen 0.18/turn

%: reflection
@: heroic, flying
A: sickness immunity, AC +11, big wings, negative energy resistance 1,
electricity resistance, torment resistance 1, petrification resistance
a: Renounce Religion, Heroism, Finesse, Duel


You were on level 14 of the Dungeon.
You worshipped Okawaru.
Okawaru was extremely pleased with you.
You visited 3 branches of the dungeon, and saw 20 of its levels.
You visited 1 bazaar.
You also visited: Sewer.

You collected 1813 gold pieces.
You spent 1422 gold pieces at shops.


Innate Abilities, Weirdness & Mutations

You are immune to sickness and miasma.
Your stone body is resilient. (AC +11)
You are immune to poison.
Your large and strong wings let you fly.
You resist negative energy. (rN+)
You are resistant to electric shocks. (rElec)
You are resistant to unholy torment.
You are immune to petrification.


   Skills:
 - Level 13.0(18.0) Fighting
 + Level 17.0(22.0) Axes
 - Level 7.1(12.1) Throwing
 - Level 9.0(14.0) Armour
 - Level 4.1(9.1) Dodging
 - Level 8.1(13.1) Shields
 - Level 10.0 Invocations


You had 14 spell levels left.
You didn't know any spells.
Your spell library was empty.

Inventory:

Hand Weapons
 u - a +1 broad axe of flaming
 Y - a +5 heavy broad axe (weapon)
Missiles
 x - 5 boomerangs
 y - a silver boomerang (quivered)
 H - 2 silver javelins
Armour
 c - a +0 buckler (worn)
 f - the +5 scale mail "Qabuisma" (worn) {rF+ Will++}
   (You found it on level 3 of the Dungeon)

   rF:        It protects you from fire.
   Will:      It greatly increases your willpower.
 l - a +0 plate armour
 o - the +3 pair of seven-league boots {Rampage+∞}
   (You acquired it in a sewer)

   Rampage+∞: When moving toward enemies, its wearer moves as far as possible,
   alerting their target en route.
 r - +0 acid dragon scales
 v - a +2 cloak (worn)
 w - the +0 pair of boots of the Cooper (worn) {rF+ Str+3}
   (You found it on level 2 of the Lair of Beasts)

   Str:       It affects your strength (+3).
   rF:        It protects you from fire.
 z - a +2 hat (worn)
 C - the -1 pair of gloves of Pocriah (worn) {Int+5 Slay+3}
   (Okawaru gifted it to you on level 11 of the Dungeon)

   Int:       It affects your intelligence (+5).
   Slay:      It affects your accuracy & damage with ranged weapons and melee
   (+3).
 D - a +2 chain mail of cold resistance
Jewellery
 a - an amulet of reflection (around neck)
 t - a +6 ring of strength (left hand)
 A - a ring of resist corrosion
 B - the ring "Qomuc" {Wiz rElec rN+}
   (You found it on level 5 of the Lair of Beasts)

   [ring of wizardry]

   It improves your spell success rate.
   rElec:     It insulates you from electricity.
   rN:        It protects you from negative energy.
 F - a ring of fire
 G - a ring of protection from cold (right hand)
 J - a ring of ice
Wands
 s - a wand of digging (3)
Scrolls
 b - a scroll of amnesia {unknown}
 p - 11 scrolls of teleportation
 q - 6 scrolls of identify
 I - 3 scrolls of enchant armour
Potions
 d - 5 potions of might
 e - 3 potions of attraction
 g - 8 potions of curing
 h - a potion of resistance
 i - 11 potions of lignification
 j - 7 potions of heal wounds
 k - a potion of cancellation
 m - 4 potions of mutation
 n - 3 potions of haste
 E - a potion of magic

Dungeon Overview and Level Annotations

Branches:
Dungeon (14/15)            Temple (1/1) D:7            Lair (5/5) D:9
 Shoals (0/4) Lair:2       Spider (0/4) Lair:2        Slime (0/5) Lair:4
    Orc (0/2) D:10         Vaults (0/5) D:14          Sewer (visited)

Altars:
Ashenzari
Cheibriados
Dithmenos
Elyvilon
Fedhas
Gozag
Hepliaklqana
Kikubaaqudgha
Makhleb
Nemelex Xobeh
Okawaru
Qazlal
Ru
Sif Muna
Trog
Uskayaw
Vehumet
Wu Jian
Xom
Yredelemnul
Zin
The Shining One
Jiyva

Shops:
D:3 !   D:8 !:*

Portals:
Hell: Lair:5
Trove: D:13 (give 12 potions of heal wounds)

Annotations:
D:4 3 runed translucent doors, qw's ghost, amateur MiHu; qw's ghost, amateur NaHu
D:6 2 transporters
D:13 2 transporters, Maxmaps's ghost, adept FoSk


Message History

You block the tengu warrior's attack.
A slime creature comes into view.
Two slime creatures merge to form a large slime creature.
You cut the tengu warrior into ribbons!!!
You kill the tengu warrior!
Okawaru accepts your kill.
Your base Armour skill increases to level 9!
The meliai mumbles some strange prayers to its god against you.
Something smites you!
Items here: % ) ? [.
You slash the slime creature!
The slime creature is moderately wounded.
The meliai barely misses you. The meliai completely misses you.
You block the slime creature's attack.
Two slime creatures merge to form a very large slime creature.
You cut the slime creature into ribbons!!!
You kill the slime creature!
Okawaru accepts your kill.
You carve the meliai like a ham!!!
You kill the meliai!
Okawaru accepts your kill.
You hear a shout!
You cut the slime creature into ribbons!!!
The slime creature is almost dead.
A centaur warrior comes into view.
You block the slime creature's attack.
The centaur warrior shouts!
You open the slime creature like a pillowcase!!!
You kill the slime creature!
Okawaru accepts your kill.
You slice the very large slime creature!!
The very large slime creature hits you.
You carve the very large slime creature like a ham!!!
The very large slime creature is moderately wounded.
You slice the troll!! The troll completely misses you.
The troll claws you but does no damage. You block the troll's attack.
A manticore comes into view.
The very large slime creature hits you!!!
You die...

##..##..#...# #.##
........##..###..##
##......##........##
#.......#.......#.###
#...................#
##...................#
............?.......#
................)...#
.....~..........@..<#
...
............TJ....#
.¤( .7.............c.#
¤..
...................
¤¤¤
~.~................
~¤~ ..................
.7...............
..H.......#.....


You could see a very large slime creature, a centaur warrior, a manticore and a
troll.

Vanquished Creatures
  Rupert (Lair:4)
  3 hydras
  Harold (D:9)
  8 vault guards (D:14)
  Fannar (D:11)
  5 boulder beetles
  A catoblepas (D:14)
  2 centaur warriors
  An ogre mage (D:11)
  6 two-headed ogres
  Erica (D:9)
  3 tengu warriors
  A death yak (Lair:2)
  3 skysharks
  A sixfirhy (Lair:5)
  A wizard (Lair:5)
  3 deep elf pyromancers (D:13)
  7 oklob plants
  6 manticores
  5 ugly things
  6 cyclopes
  3 elephants (Lair:3)
  A black mamba (shapeshifter) (D:14)
  5 black mambas
  A guardian serpent (Lair:2)
  Joseph (D:9)
  An orange demon (Lair:5)
  14 cane toads
  An unseen horror (D:13)
  2 gargoyles
  4 rime drakes
  7 komodo dragons
  2 efreet
  2 tengu conjurers
  2 ice devils (Lair:5)
  3 polar bears
  A hellwing (Lair:5)
  3 meliai (D:14)
  5 trolls
  2 red devils (Lair:5)
  20 blink frogs
  6 slime creatures
  4 dream sheep (Lair:4)
  A jumping spider (Lair:2)
  A culicivora (Lair:2)
  2 vampires (D:11)
  40 yaks
  6 wyverns
  A yak (shapeshifter) (D:13)
  5 wraiths
  3 steam dragons
  6 vampire mosquitoes (D:13)
  2 basilisks (Lair:3)
  2 redbacks (Lair:2)
  4 acid dragons
  17 water moccasins
  An ice beast (D:8)
  5 hell hounds (Lair:5)
  Pargi (Sewer)
  6 orc warriors (D:10)
  A sky beast (D:7)
  6 black bears
  7 wolves (Lair:5)
  4 boggarts (Lair:5)
  An ogre (D:5)
  8 centaurs
  3 kobold brigands
  8 bullfrogs
  A gnoll sergeant (D:12)
  3 scorpions
  4 wights (D:8)
  24 killer bees
  An electric eel (Lair:4)
  7 howler monkeys
  7 jellies
  4 hounds
  3 orc priests
  A gnoll bouda (D:7)
  5 iguanas
  A sleepcap (D:4)
  Natasha (thrice) (D:2)
  12 orc wizards
  A hell rat (Lair:5)
  A mummy (D:4)
  7 gnolls
  3 adders
  3 shadow imps
  A white imp (D:6)
  An ufetubus (D:7)
  2 worms (D:5)
  3 dart slugs
  40 orcs
  20 endoplasms
  3 giant cockroaches
  8 goblins
  3 hobgoblins
  18 kobolds
  8 quokkas
  13 ball pythons
  4 bats
  7 frilled lizards
  2 hobgoblin zombies (D:4)
  2 kobold zombies (D:4)
  8 rats
531 creatures vanquished.

Vanquished Creatures (others)
  A hydra (D:11)
  A kobold (D:9)
2 creatures vanquished.

Grand Total: 533 creatures vanquished

Notes
Turn   | Place    | Note
-------+----------+-------------------------------------------
     0 | D:1      | qw the Gargoyle Fighter began the quest for the Orb.
     0 | D:1      | Reached XP level 1. HP: 14/14 MP: 1/1
     0 | D:1      | 0 ||| qw: Version: 0.2-a-29-gdad1ea2
     0 | D:1      | 0 ||| qw: Game counter: 4066
     0 | D:1      | 0 ||| qw: Always use a shield: true
     0 | D:1      | 0 ||| qw: God list: Okawaru
     0 | D:1      | 0 ||| qw: Allow faded altars: false
     0 | D:1      | 0 ||| qw: Do Orc after D:15 true
     0 | D:1      | 0 ||| qw: Do second Lair branch before Depths: true
     0 | D:1      | 0 ||| qw: Lair rune preference: random
     0 | D:1      | 0 ||| qw: Plans: Normal, Zot:1-4, Slime:5, God:TSO, Crypt,
                  | Tomb, Abyss, Pan, Hells, Win
     0 | D:1      | 0 ||| PLANNING D:1-11
    49 | D:1      | Reached skill level 2 in Axes
   124 | D:1      | Reached XP level 2. HP: 19/19 MP: 2/2
   528 | D:1      | Reached skill level 3 in Axes
   631 | D:1      | Reached XP level 3. HP: 23/23 MP: 3/3
   784 | D:1      | 784 ||| Stepping ~*~*~tactically~*~*~ (stealth).
   785 | D:1      | 785 ||| Stepping ~*~*~tactically~*~*~ (stealth).
   980 | D:1      | 980 ||| DROPPING +6 ring of intelligence.
   981 | D:1      | 981 ||| READING scroll labelled RURYTWUWNA.
   982 | D:1      | 982 ||| READING scroll labelled TIECA YTUPI.
  1170 | D:2      | 1170 ||| FLEEEEING.
  1171 | D:2      | 1171 ||| FLEEEEING.
  1201 | D:2      | Noticed Natasha
  1214 | D:2      | HP: 5/23 [cerulean imp/+1 spear[Natasha] (5)]
  1217 | D:2      | Killed Natasha
  1218 | D:2      | Reached skill level 4 in Axes
  1218 | D:2      | Reached XP level 4. HP: 7/28 MP: 4/4
  1503 | D:2      | Noticed Natasha
  1508 | D:2      | Killed Natasha
  1581 | D:2      | Noticed Natasha
  1592 | D:2      | Killed Natasha
  1593 | D:2      | Reached XP level 5. HP: 27/32 MP: 5/5
  1645 | D:2      | Found a shadowy altar of Dithmenos.
  1652 | D:2      | 1652 ||| Stepping ~*~*~tactically~*~*~ (hiding).
  1831 | D:2      | 1831 ||| READING scroll labelled ZAFAUL ZALEOL.
  1832 | D:2      | 1832 ||| READING scroll labelled KANU IWYXEMPE.
  1833 | D:2      | 1833 ||| DRINKING 2 dark potions.
  1834 | D:2      | 1834 ||| DROPPING potion of brilliance.
  1841 | D:3      | 1841 ||| PLANNING SEWER
  1928 | D:3      | 1928 ||| Stepping ~*~*~tactically~*~*~ (stealth).
  2055 | D:3      | Found Ypadoor's Distillery.
  2064 | D:3      | 2064 ||| BUYING 2 potions of lignification (72 gold).
  2064 | D:3      | Bought 2 potions of lignification for 72 gold pieces
  2064 | D:3      | 2064 ||| SHOPLISTING potion of haste (120 gold, have 98).
  2064 | D:3      | 2064 ||| BUYING potion of lignification (36 gold).
  2064 | D:3      | Bought a potion of lignification for 36 gold pieces
  2064 | D:3      | 2064 ||| BUYING potion of lignification (36 gold).
  2064 | D:3      | Bought a potion of lignification for 36 gold pieces
  2121 | D:3      | Found a glowing drain.
  2136 | D:3      | 2136 ||| READING scroll labelled YSMONA ODIFI.
  2137 | D:3      | 2137 ||| DRINKING 2 sedimented amethyst potions.
  2151 | Sewer    | Entered a sewer
  2205 | Sewer    | Noticed Pargi
  2207 | Sewer    | 2207 ||| Stepping ~*~*~tactically~*~*~ (water).
  2222 | Sewer    | Killed Pargi
  2223 | Sewer    | Reached skill level 5 in Axes
  2223 | Sewer    | Reached XP level 6. HP: 18/37 MP: 6/6
  2418 | Sewer    | 2418 ||| READING 3 scrolls labelled JAWASTRUSKO.
  2418 | Sewer    | Identified 3 scrolls of acquirement
  2418 | Sewer    | 2418 ||| ACQUIRING +3 pair of seven-league boots
                  | {Rampage+∞}
  2418 | Sewer    | Acquired the +3 pair of seven-league boots {Rampage+∞}
  2418 | Sewer    | Found the +3 pair of seven-league boots {Rampage+∞}
  2420 | Sewer    | 2420 ||| UPGRADING to +3 pair of seven-league boots
                  | {Rampage+∞}.
  2425 | Sewer    | 2425 ||| READING 2 scrolls of acquirement.
  2425 | Sewer    | 2425 ||| ACQUIRING +2 heavy broad axe
  2425 | Sewer    | Acquired a +2 heavy broad axe
  2427 | Sewer    | 2427 ||| SWAPPING to +2 heavy broad axe.
  2428 | Sewer    | 2428 ||| DROPPING +0 war axe of freezing.
  2429 | Sewer    | 2429 ||| READING scroll of acquirement.
  2429 | Sewer    | 2429 ||| ACQUIRING amulet of reflection
  2429 | Sewer    | Acquired an amulet of reflection
  2431 | Sewer    | 2431 ||| UPGRADING to amulet of reflection.
  2436 | Sewer    | 2436 ||| READING scroll labelled HETUUJ CUXT.
  2437 | Sewer    | 2437 ||| READING scroll labelled ZALIMI ENYENA.
  2441 | Sewer    | 2441 ||| DRINKING 2 fizzy sapphire potions.
  2442 | Sewer    | 2442 ||| DRINKING 2 amethyst potions.
  2462 | D:3      | 2462 ||| PLANNING D:1-11
  2686 | D:3      | 2686 ||| DROPPING +0 club.
  2780 | D:3      | Identified the +5 scale mail "Qabuisma" {rF+ Will++}
  3112 | D:3      | 3112 ||| UPGRADING to +5 scale mail "Qabuisma" {rF+
                  | Will++}.
  3122 | D:3      | 3122 ||| DROPPING +0 scale mail.
  3123 | D:3      | 3123 ||| DROPPING orb of energy.
  3134 | D:4      | 3134 ||| PLANNING OSSUARY
  3196 | D:4      | Found a shimmering blue altar of Sif Muna.
  3243 | D:4      | 3243 ||| Stepping ~*~*~tactically~*~*~ (stealth).
  3337 | D:4      | Found a runed translucent gate.
  3338 | D:4      | Found a runed translucent gate.
  3339 | D:4      | Found a runed translucent gate.
  3340 | D:4      | Noticed qw's ghost (amateur NaHu)
  3341 | D:4      | Noticed qw's ghost (amateur MiHu)
  3448 | D:4      | 3448 ||| Stepping ~*~*~tactically~*~*~ (hiding).
  3568 | D:4      | Reached skill level 1 in Dodging
  3611 | D:4      | 3611 ||| Stepping ~*~*~tactically~*~*~ (stealth).
  3641 | D:4      | 3641 ||| Stepping ~*~*~tactically~*~*~ (stealth).
  3645 | D:4      | 3645 ||| Stepping ~*~*~tactically~*~*~ (stealth).
  3652 | D:4      | Reached XP level 7. HP: 43/43 MP: 7/7
  3694 | D:4      | Reached skill level 6 in Axes
  3730 | D:4      | 3730 ||| Stepping ~*~*~tactically~*~*~ (stealth).
  3731 | D:4      | 3731 ||| Stepping ~*~*~tactically~*~*~ (stealth).
  3733 | D:4      | 3733 ||| Stepping ~*~*~tactically~*~*~ (stealth).
  3736 | D:4      | 3736 ||| Stepping ~*~*~tactically~*~*~ (stealth).
  3805 | D:4      | 3805 ||| RIP OSSUARY
  3818 | D:4      | 3818 ||| PLANNING D:1-11
  3929 | D:4      | You fall into a shaft and drop 1 floor!
  3929 | D:5      | Entered Level 5 of the Dungeon
  3947 | D:5      | 3947 ||| UPGRADING to +0 cloak.
  3952 | D:5      | 3952 ||| READING scroll labelled MYRO PULOXEOH.
  3953 | D:5      | 3953 ||| DRINKING 5 puce potions.
  3961 | D:5      | 3961 ||| STAIRDANCE
  4313 | D:4      | 4313 ||| READING 2 scrolls of identify.
  4313 | D:4      | 4313 ||| IDENTIFYING purple potion
  4387 | D:5      | Identified the +2 robe of Ulineam {+Blink Dex+2 Stlth+}
  4508 | D:5      | Reached skill level 1 in Throwing
  4850 | D:5      | Reached skill level 7 in Axes
  4881 | D:5      | 4881 ||| Stepping ~*~*~tactically~*~*~ (stealth).
  4906 | D:5      | Reached XP level 8. HP: 50/50 MP: 8/8
  5151 | D:6      | 5151 ||| Stepping ~*~*~tactically~*~*~ (hiding).
  5222 | D:6      | Reached skill level 8 in Axes
  5236 | D:6      | Reached skill level 6 in Fighting
  5245 | D:6      | Found a transporter.
  5253 | D:6      | Found a transporter.
  5323 | D:6      | 5323 ||| Stepping ~*~*~tactically~*~*~ (stealth).
  5327 | D:6      | 5327 ||| Stepping ~*~*~tactically~*~*~ (hiding).
  5433 | D:6      | 5433 ||| Stepping ~*~*~tactically~*~*~ (hiding).
  5451 | D:6      | Found an opulent altar of Gozag.
  5731 | D:6      | Reached skill level 9 in Axes
  5845 | D:6      | 5845 ||| DROPPING ring of wizardry.
  5846 | D:6      | 5846 ||| UPGRADING to +6 ring of strength.
  5847 | D:6      | 5847 ||| UPGRADING to ring of positive energy.
  5848 | D:6      | 5848 ||| READING scroll labelled FOOTZE MICOICKUSU.
  5898 | D:7      | Identified the +5 hand axe of Ipheevek {freeze, Fragile rN+
                  | Dex+2}
  5912 | D:7      | Reached XP level 9. HP: 55/55 MP: 9/9
  6102 | D:7      | Found a staircase to the Ecumenical Temple.
  6103 | D:7      | 6103 ||| PLANNING TEMPLE
  6109 | Temple   | Entered the Ecumenical Temple
  6142 | Temple   | 6142 ||| PLANNING OKAWARU WORSHIP
  6276 | Temple   | Became a worshipper of Warmaster Okawaru
  6276 | Temple   | 6276 ||| PLANNING D:1-11
  6483 | D:7      | 6483 ||| READING scroll labelled SEFOIF GOMIL.
  6655 | D:8      | 6655 ||| Stepping ~*~*~tactically~*~*~ (hiding).
  6671 | D:8      | Reached * piety under Okawaru
  6672 | D:8      | 6672 ||| INVOKING Heroism.
  6682 | D:8      | Reached skill level 10 in Axes
  6683 | D:8      | Reached skill level 1 in Invocations
  6741 | D:8      | Found Keschyha's Demolitions Depot.
  6764 | D:8      | Found Esui's Book Shoppe.
  6808 | D:8      | 6808 ||| Stepping ~*~*~tactically~*~*~ (stealth).
  6809 | D:8      | 6809 ||| Stepping ~*~*~tactically~*~*~ (stealth).
  6809 | D:8      | Found a white marble altar of Elyvilon.
  6820 | D:8      | 6820 ||| Stepping ~*~*~tactically~*~*~ (stealth).
  6822 | D:8      | 6822 ||| Stepping ~*~*~tactically~*~*~ (hiding).
  6825 | D:8      | 6825 ||| Stepping ~*~*~tactically~*~*~ (hiding).
  6829 | D:8      | 6829 ||| INVOKING Heroism.
  6879 | D:8      | Found a blossoming altar of Fedhas.
  6936 | D:8      | Found Fireoh's Distillery.
  6944 | D:8      | 6944 ||| BUYING 2 potions of heal wounds (140 gold).
  6944 | D:8      | Bought 2 potions of heal wounds for 140 gold pieces
  6944 | D:8      | 6944 ||| BUYING 2 potions of lignification (84 gold).
  6944 | D:8      | Bought 2 potions of lignification for 84 gold pieces
  6944 | D:8      | 6944 ||| BUYING 2 potions of might (112 gold).
  6944 | D:8      | Bought 2 potions of might for 112 gold pieces
  6944 | D:8      | 6944 ||| SHOPLISTING potion of attraction (42 gold, have
                  | 2).
  6944 | D:8      | 6944 ||| SHOPLISTING potion of cancellation (112 gold, have
                  | 2).
  6944 | D:8      | 6944 ||| SHOPLISTING potion of curing (42 gold, have 2).
  6944 | D:8      | 6944 ||| SHOPLISTING potion of heal wounds (70 gold, have
                  | 2).
  6944 | D:8      | 6944 ||| SHOPLISTING potion of lignification (42 gold, have
                  | 2).
  6944 | D:8      | 6944 ||| SHOPLISTING potion of might (56 gold, have 2).
  7076 | D:8      | Found a bloodstained altar of Trog.
  7178 | D:8      | 7178 ||| Stepping ~*~*~tactically~*~*~ (stealth).
  7183 | D:8      | Reached skill level 3 in Invocations
  7290 | D:8      | 7290 ||| Stepping ~*~*~tactically~*~*~ (stealth).
  7438 | D:8      | 7438 ||| DRINKING 3 bubbling cyan potions.
  7503 | D:9      | Noticed Joseph
  7505 | D:9      | Noticed Harold
  7506 | D:9      | 7506 ||| INVOKING Heroism.
  7509 | D:9      | Killed Joseph
  7510 | D:9      | Reached XP level 10. HP: 46/64 MP: 9/13
  7510 | D:9      | Killed Harold
  7510 | D:9      | Reached ** piety under Okawaru
  7511 | D:9      | Reached skill level 9 in Fighting
  7721 | D:9      | 7721 ||| INVOKING Heroism.
  7763 | D:9      | Found a staircase to the Lair.
  7781 | D:9      | 7781 ||| Stepping ~*~*~tactically~*~*~ (stealth).
  7782 | D:9      | 7782 ||| Stepping ~*~*~tactically~*~*~ (stealth).
  7847 | D:9      | 7847 ||| Stepping ~*~*~tactically~*~*~ (hiding).
  7848 | D:9      | 7848 ||| Stepping ~*~*~tactically~*~*~ (hiding).
  7850 | D:9      | 7850 ||| Stepping ~*~*~tactically~*~*~ (hiding).
  7852 | D:9      | 7852 ||| Stepping ~*~*~tactically~*~*~ (hiding).
  7861 | D:9      | Reached skill level 11 in Axes
  7861 | D:9      | Noticed Erica
  7863 | D:9      | 7863 ||| INVOKING Heroism.
  7869 | D:9      | Killed Erica
  7869 | D:9      | Reached *** piety under Okawaru
  7955 | D:9      | 7955 ||| Stepping ~*~*~tactically~*~*~ (hiding).
  7968 | D:9      | Reached XP level 11. HP: 66/71 MP: 14/14
  8021 | D:9      | 8021 ||| INVOKING Heroism.
  8243 | D:9      | 8243 ||| PLANNING LAIR
  8243 | D:9      | 8243 ||| READING 2 scrolls labelled MODAGE PASO.
  8283 | D:9      | 8283 ||| READING 3 scrolls of identify.
  8283 | D:9      | 8283 ||| IDENTIFYING sedimented brown potion
  8284 | D:9      | 8284 ||| DROPPING scroll of torment.
  8285 | D:9      | 8285 ||| DROPPING potion of ambrosia.
  8338 | Lair:1   | Entered Level 1 of the Lair of Beasts
  8339 | Lair:1   | 8339 ||| INVOKING Heroism.
  8370 | Lair:1   | 8370 ||| INVOKING Heroism.
  8375 | Lair:1   | Reached skill level 12 in Axes
  8385 | Lair:1   | Reached skill level 6 in Shields
  8395 | Lair:1   | 8395 ||| INVOKING Heroism.
  8421 | Lair:1   | 8421 ||| INVOKING Heroism.
  8529 | Lair:1   | Identified the amulet of Yvappept {Spirit Drain rN+++}
  8580 | Lair:1   | 8580 ||| INVOKING Heroism.
  8606 | Lair:1   | 8606 ||| INVOKING Heroism.
  8608 | Lair:1   | Reached **** piety under Okawaru
  8638 | Lair:1   | 8638 ||| INVOKING Heroism.
  8728 | Lair:1   | 8728 ||| INVOKING Heroism.
  8742 | Lair:1   | 8742 ||| Stepping ~*~*~tactically~*~*~ (stealth).
  8773 | Lair:1   | 8773 ||| INVOKING Heroism.
  8985 | Lair:1   | Found a hazy altar of Hepliaklqana.
  9016 | Lair:1   | 9016 ||| Stepping ~*~*~tactically~*~*~ (stealth).
  9029 | Lair:1   | Reached skill level 6 in Invocations
  9243 | Lair:1   | 9243 ||| UPGRADING to +2 cloak.
  9253 | Lair:1   | 9253 ||| DROPPING +0 cloak.
  9254 | Lair:1   | 9254 ||| DROPPING amulet of Yvappept {Spirit Drain rN+++}.
  9255 | Lair:1   | 9255 ||| READING scroll labelled JUOTELYEXE.
  9268 | Lair:2   | 9268 ||| INVOKING Heroism.
  9309 | Lair:2   | 9309 ||| INVOKING Heroism.
  9315 | Lair:2   | Reached XP level 12. HP: 44/77 MP: 14/17
  9315 | Lair:2   | Found a staircase to the Shoals.
  9318 | Lair:2   | Noticed a skyshark
  9326 | Lair:2   | Killed a skyshark
  9327 | Lair:2   | Reached skill level 13 in Axes
  9503 | Lair:2   | 9503 ||| Stepping ~*~*~tactically~*~*~ (hiding).
  9705 | Lair:2   | 9705 ||| INVOKING Heroism.
  9709 | Lair:2   | Reached skill level 6 in Armour
  9717 | Lair:2   | Noticed a death yak
  9718 | Lair:2   | 9718 ||| INVOKING Heroism.
  9724 | Lair:2   | Killed a death yak
  9777 | Lair:2   | Noticed a skyshark
  9787 | Lair:2   | Killed a skyshark
  9787 | Lair:2   | Reached ***** piety under Okawaru
  9788 | Lair:2   | Reached skill level 3 in Dodging
  9807 | Lair:2   | 9807 ||| INVOKING Heroism.
  9911 | Lair:2   | 9911 ||| INVOKING Heroism.
  9943 | Lair:2   | Received a gift from Okawaru
 10097 | Lair:2   | Reached skill level 9 in Invocations
 10128 | Lair:2   | Found a hole to the Spider Nest.
 10207 | Lair:2   | 10207 ||| READING scroll of enchant weapon.
 10207 | Lair:2   | 10207 ||| ENCHANTING +3 heavy broad axe.
 10289 | Lair:2   | 10289 ||| INVOKING Heroism.
 10290 | Lair:2   | 10290 ||| INVOKING Finesse.
 10295 | Lair:2   | Noticed a boulder beetle
 10297 | Lair:2   | 10297 ||| Stepping ~*~*~tactically~*~*~ (stealth).
 10309 | Lair:2   | Killed a boulder beetle
 10313 | Lair:2   | Noticed a four-headed hydra
 10321 | Lair:2   | 10321 ||| SWAPPING to +0 flail.
 10333 | Lair:2   | Killed a four-headed hydra
 10334 | Lair:2   | 10334 ||| SWAPPING to +4 heavy broad axe.
 10500 | Lair:2   | Identified the +0 pair of boots of the Cooper {rF+ Str+3}
 10502 | Lair:2   | 10502 ||| UPGRADING to +0 pair of boots of the Cooper {rF+
                  | Str+3}.
 10512 | Lair:2   | 10512 ||| UPGRADING to ring of ice.
 10514 | Lair:2   | 10514 ||| READING scroll labelled REINUE ZULIW.
 10515 | Lair:2   | 10515 ||| READING 3 scrolls of identify.
 10515 | Lair:2   | 10515 ||| IDENTIFYING metallic ruby potion
 10516 | Lair:2   | 10516 ||| DROPPING potion of degeneration.
 10730 | Lair:3   | Reached skill level 14 in Axes
 10731 | Lair:3   | Noticed a boulder beetle
 10732 | Lair:3   | 10732 ||| INVOKING Heroism.
 10755 | Lair:3   | Killed a boulder beetle
 10855 | Lair:3   | Reached XP level 13. HP: 83/83 MP: 20/20
 11001 | Lair:3   | Received a gift from Okawaru
 11052 | Lair:3   | 11052 ||| DROPPING +0 flail.
 11309 | Lair:3   | 11309 ||| INVOKING Heroism.
 11310 | Lair:3   | 11310 ||| INVOKING Finesse.
 11329 | Lair:3   | 11329 ||| INVOKING Finesse.
 11342 | Lair:3   | 11342 ||| FLEEEEING.
 11343 | Lair:3   | HP: 17/84 [oklob plant/splash of acid (25)]
 11344 | Lair:3   | 11344 ||| FLEEEEING.
 11554 | Lair:3   | 11554 ||| INVOKING Heroism.
 11642 | Lair:3   | 11642 ||| INVOKING Heroism.
 11783 | Lair:3   | Identified the staff of conjuration "Feaxifua" {Drain rN+
                  | rCorr}
 12028 | Lair:3   | 12028 ||| READING 2 scrolls of identify.
 12028 | Lair:3   | 12028 ||| IDENTIFYING murky puce potion
 12077 | Lair:4   | Noticed Rupert
 12078 | Lair:4   | 12078 ||| INVOKING Heroism.
 12088 | Lair:4   | Killed Rupert
 12098 | Lair:4   | 12098 ||| Stepping ~*~*~tactically~*~*~ (stealth).
 12111 | Lair:4   | 12111 ||| FLEEEEING.
 12112 | Lair:4   | 12112 ||| STAIRDANCE
 12358 | Lair:4   | Found a viscous altar of Jiyva.
 12358 | Lair:4   | Found a staircase to the Slime Pits.
 12419 | Lair:4   | Reached skill level 15 in Axes
 12525 | Lair:4   | 12525 ||| INVOKING Heroism.
 12526 | Lair:4   | 12526 ||| Stepping ~*~*~tactically~*~*~ (stealth).
 12984 | Lair:4   | 12984 ||| READING 2 scrolls labelled TIPPE GEMACE.
 12985 | Lair:4   | 12985 ||| DROPPING scroll of immolation.
 13001 | Lair:5   | Entered Level 5 of the Lair of Beasts
 13007 | Lair:5   | 13007 ||| INVOKING Heroism.
 13012 | Lair:5   | 13012 ||| SWAPPING to +1 broad axe of flaming.
 13016 | Lair:5   | 13016 ||| SWAPPING to +4 heavy broad axe.
 13206 | Lair:5   | 13206 ||| INVOKING Heroism.
 13212 | Lair:5   | Reached skill level 12 in Fighting
 13214 | Lair:5   | 13214 ||| Stepping ~*~*~tactically~*~*~ (stealth).
 13216 | Lair:5   | 13216 ||| SWAPPING to +1 broad axe of flaming.
 13222 | Lair:5   | 13222 ||| SWAPPING to +4 heavy broad axe.
 13230 | Lair:5   | 13230 ||| INVOKING Heroism.
 13393 | Lair:5   | 13393 ||| READING scroll of enchant weapon.
 13393 | Lair:5   | 13393 ||| ENCHANTING +4 heavy broad axe.
 13421 | Lair:5   | 13421 ||| INVOKING Heroism.
 13511 | Lair:5   | 13511 ||| INVOKING Heroism.
 13723 | Lair:5   | 13723 ||| Stepping ~*~*~tactically~*~*~ (stealth).
 13731 | Lair:5   | Reached skill level 3 in Throwing
 13788 | Lair:5   | 13788 ||| Stepping ~*~*~tactically~*~*~ (stealth).
 13789 | Lair:5   | 13789 ||| Stepping ~*~*~tactically~*~*~ (stealth).
 13799 | Lair:5   | 13799 ||| INVOKING Heroism.
 13800 | Lair:5   | 13800 ||| INVOKING Finesse.
 14008 | Lair:5   | 14008 ||| Stepping ~*~*~tactically~*~*~ (hiding).
 14009 | Lair:5   | 14009 ||| Stepping ~*~*~tactically~*~*~ (hiding).
 14010 | Lair:5   | 14010 ||| Stepping ~*~*~tactically~*~*~ (hiding).
 14031 | Lair:5   | Gained mutation: Your large and strong wings let you fly.
                  | [Gargoyle growth]
 14031 | Lair:5   | Reached XP level 14. HP: 87/92 MP: 21/21
 14037 | Lair:5   | 14037 ||| INVOKING Heroism.
 14038 | Lair:5   | 14038 ||| INVOKING Finesse.
 14046 | Lair:5   | Found a burning altar of Makhleb.
 14110 | Lair:5   | Found a gateway to Hell.
 14117 | Lair:5   | Identified the ring "Qomuc" {Wiz rElec rN+}
 14234 | Lair:5   | 14234 ||| INVOKING Heroism.
 14260 | Lair:5   | Received a gift from Okawaru
 14265 | Lair:5   | 14265 ||| Stepping ~*~*~tactically~*~*~ (stealth).
 14376 | Lair:5   | 14376 ||| PLANNING D:1-11
 14376 | Lair:5   | 14376 ||| UPGRADING to +2 hat.
 14381 | Lair:5   | 14381 ||| DROPPING ring of positive energy.
 14382 | Lair:5   | 14382 ||| READING 2 scrolls of identify.
 14382 | Lair:5   | 14382 ||| IDENTIFYING white potion
 14383 | Lair:5   | 14383 ||| DROPPING potion of berserk rage.
 14460 | D:10     | Entered Level 10 of the Dungeon
 14461 | D:10     | 14461 ||| STAIRDANCE
 14592 | D:10     | 14592 ||| Stepping ~*~*~tactically~*~*~ (stealth).
 14729 | D:10     | 14729 ||| Stepping ~*~*~tactically~*~*~ (hiding).
 14730 | D:10     | 14730 ||| Stepping ~*~*~tactically~*~*~ (hiding).
 14731 | D:10     | 14731 ||| Stepping ~*~*~tactically~*~*~ (hiding).
 14913 | D:10     | Found a staircase to the Orcish Mines.
 15193 | D:11     | 15193 ||| PLANNING BAZAAR
 15204 | D:11     | Found a flickering gateway to a bazaar.
 15217 | Bazaar   | Entered a bazaar
 15225 | Bazaar   | Found Yfess's Armour Shop.
 15231 | Bazaar   | 15231 ||| BUYING +2 chain mail of cold resistance (172
                  | gold).
 15231 | Bazaar   | Bought a +2 chain mail of cold resistance for 172 gold
                  | pieces
 15239 | Bazaar   | Found Erym Geice's Magic Scroll Shop.
 15244 | Bazaar   | 15244 ||| BUYING scroll of identify (28 gold).
 15244 | Bazaar   | Bought a scroll of identify for 28 gold pieces
 15244 | Bazaar   | 15244 ||| BUYING scroll of identify (28 gold).
 15244 | Bazaar   | Bought a scroll of identify for 28 gold pieces
 15244 | Bazaar   | 15244 ||| BUYING scroll of identify (28 gold).
 15244 | Bazaar   | Bought a scroll of identify for 28 gold pieces
 15244 | Bazaar   | 15244 ||| BUYING scroll of teleportation (42 gold).
 15244 | Bazaar   | Bought a scroll of teleportation for 42 gold pieces
 15244 | Bazaar   | 15244 ||| BUYING scroll of teleportation (42 gold).
 15244 | Bazaar   | Bought a scroll of teleportation for 42 gold pieces
 15284 | Bazaar   | Found Rujefeeh's Assorted Antiques.
 15284 | Bazaar   | Found Necw's Assorted Antiques.
 15290 | Bazaar   | 15290 ||| BUYING bubbling blue potion (30 gold).
 15290 | Bazaar   | Bought a bubbling blue potion for 30 gold pieces
 15290 | Bazaar   | 15290 ||| BUYING crooked copper wand (136 gold).
 15290 | Bazaar   | Bought a crooked copper wand for 136 gold pieces
 15290 | Bazaar   | 15290 ||| BUYING potion of lignification (102 gold).
 15290 | Bazaar   | Bought a potion of lignification for 102 gold pieces
 15290 | Bazaar   | 15290 ||| BUYING scroll of identify (68 gold).
 15290 | Bazaar   | Bought a scroll of identify for 68 gold pieces
 15290 | Bazaar   | 15290 ||| BUYING scroll of identify (68 gold).
 15290 | Bazaar   | Bought a scroll of identify for 68 gold pieces
 15300 | Bazaar   | 15300 ||| BUYING copper ring (90 gold).
 15300 | Bazaar   | Bought a copper ring for 90 gold pieces
 15300 | Bazaar   | 15300 ||| BUYING potion of might (72 gold).
 15300 | Bazaar   | Bought a potion of might for 72 gold pieces
 15300 | Bazaar   | 15300 ||| BUYING scroll of identify (36 gold).
 15300 | Bazaar   | Bought a scroll of identify for 36 gold pieces
 15322 | Bazaar   | 15322 ||| UPGRADING to ring of protection from cold.
 15324 | Bazaar   | 15324 ||| READING 7 scrolls of identify.
 15324 | Bazaar   | 15324 ||| IDENTIFYING blue potion
 15325 | Bazaar   | 15325 ||| READING 6 scrolls of identify.
 15325 | Bazaar   | 15325 ||| IDENTIFYING bubbling blue potion
 15326 | Bazaar   | 15326 ||| DROPPING potion of enlightenment.
 15327 | Bazaar   | 15327 ||| DROPPING wand of polymorph (6).
 15330 | D:11     | 15330 ||| PLANNING D:1-11
 15438 | D:11     | 15438 ||| Stepping ~*~*~tactically~*~*~ (stealth).
 15440 | D:11     | 15440 ||| Stepping ~*~*~tactically~*~*~ (stealth).
 15442 | D:11     | 15442 ||| Stepping ~*~*~tactically~*~*~ (stealth).
 15444 | D:11     | 15444 ||| Stepping ~*~*~tactically~*~*~ (stealth).
 15467 | D:11     | 15467 ||| Stepping ~*~*~tactically~*~*~ (stealth).
 15482 | D:11     | 15482 ||| INVOKING Heroism.
 15502 | D:11     | 15502 ||| INVOKING Finesse.
 15512 | D:11     | Reached skill level 6 in Throwing
 15518 | D:11     | Reached skill level 16 in Axes
 15524 | D:11     | HP: 20/92 [cyclops (22)]
 15525 | D:11     | 15525 ||| READING 9 scrolls of teleportation.
 15526 | D:11     | 15526 ||| DRINKING 8 potions of heal wounds.
 15528 | D:11     | Received a gift from Okawaru
 15541 | D:11     | 15541 ||| Stepping ~*~*~tactically~*~*~ (hiding).
 15593 | D:11     | Noticed Fannar
 15637 | D:11     | 15637 ||| INVOKING Heroism.
 15650 | D:11     | Killed Fannar
 15653 | D:11     | 15653 ||| Stepping ~*~*~tactically~*~*~ (stealth).
 15668 | D:11     | 15668 ||| Stepping ~*~*~tactically~*~*~ (stealth).
 15742 | D:11     | Identified the -1 pair of gloves of Pocriah {Int+5 Slay+3}
                  | (Okawaru gifted it to you on level 11 of the Dungeon)
 15742 | D:11     | Received a gift from Okawaru
 15811 | D:11     | 15811 ||| Stepping ~*~*~tactically~*~*~ (stealth).
 15882 | D:11     | Found a hide-covered altar of Uskayaw.
 15882 | D:11     | Found a hazy altar of Hepliaklqana.
 15884 | D:11     | Found a sacrificial altar of Ru.
 15884 | D:11     | Found a glowing silver altar of Zin.
 15889 | D:11     | Identified the +0 scale mail of Myzad {rN+ Stlth+}
 15917 | D:11     | Identified the staff of cold "Dynkaf" {Fragile rC+ Int+3
                  | Dex+2}
 15921 | D:11     | Identified the +1 leather armour "Pauloza" {Harm rN++}
 16032 | D:11     | 16032 ||| Stepping ~*~*~tactically~*~*~ (stealth).
 16035 | D:11     | 16035 ||| INVOKING Heroism.
 16248 | D:11     | Found a shadowy altar of Dithmenos.
 16249 | D:11     | Found a sacrificial altar of Ru.
 16306 | D:11     | 16306 ||| PLANNING D
 16306 | D:11     | 16306 ||| UPGRADING to -1 pair of gloves of Pocriah {Int+5
                  | Slay+3}.
 16402 | D:12     | 16402 ||| Stepping ~*~*~tactically~*~*~ (stealth).
 16466 | D:12     | 16466 ||| INVOKING Heroism.
 17010 | D:12     | 17010 ||| READING scroll labelled UTREIB VUOS.
 17031 | D:13     | 17031 ||| PLANNING GAUNTLET
 17050 | D:13     | 17050 ||| Stepping ~*~*~tactically~*~*~ (hiding).
 17068 | D:13     | 17068 ||| Stepping ~*~*~tactically~*~*~ (stealth).
 17070 | D:13     | 17070 ||| Stepping ~*~*~tactically~*~*~ (hiding).
 17079 | D:13     | 17079 ||| FLEEEEING.
 17116 | D:13     | Found a portal to a secret trove of treasure.
 17135 | D:13     | 17135 ||| Stepping ~*~*~tactically~*~*~ (stealth).
 17136 | D:13     | 17136 ||| Stepping ~*~*~tactically~*~*~ (stealth).
 17138 | D:13     | Found a transporter.
 17139 | D:13     | 17139 ||| Stepping ~*~*~tactically~*~*~ (hiding).
 17143 | D:13     | Reached XP level 15. HP: 96/96 MP: 22/22
 17178 | D:13     | 17178 ||| Stepping ~*~*~tactically~*~*~ (stealth).
 17243 | D:13     | Found a transporter.
 17243 | D:13     | Noticed Maxmaps's ghost (adept FoSk)
 17277 | D:13     | 17277 ||| INVOKING Heroism.
 17278 | D:13     | 17278 ||| INVOKING Finesse.
 17389 | D:13     | 17389 ||| DROPPING amulet of regeneration.
 17399 | D:13     | 17399 ||| Stepping ~*~*~tactically~*~*~ (stealth).
 17404 | D:13     | 17404 ||| Stepping ~*~*~tactically~*~*~ (stealth).
 17440 | D:13     | Reached skill level 17 in Axes
 17440 | D:13     | 17440 ||| INVOKING Heroism.
 17465 | D:13     | 17465 ||| RIP GAUNTLET
 17565 | D:13     | 17565 ||| PLANNING D
 17579 | D:13     | 17579 ||| Stepping ~*~*~tactically~*~*~ (hiding).
 17896 | D:14     | Found a gate to the Vaults.
 17897 | D:14     | 17897 ||| Stepping ~*~*~tactically~*~*~ (stealth).
 17904 | D:14     | 17904 ||| INVOKING Heroism.
 18159 | D:14     | 18159 ||| INVOKING Heroism.
 18166 | D:14     | Reached skill level 9 in Armour
 18171 | D:14     | Demolished by a very large slime creature

Levels and vault maps discovered:
D:1:      dpeg_arrival_ternary, layout_loops_corners
D:2:      layout_basic, basic_altar, uniq_natasha
D:3:      layout_basic, portal_sewer_entry_f, serial_shops,
          nicolae_shop_industrial_runoff, grunt_ministairs_10
D:4:      layout_layer_cave, overflow_temple_1_default, enter_ossuary_5,
          gammafunk_ghost_cemetery, minmay_mini_ossuary
D:5:      nicolae_cairo_tiling, layout_basic, grunt_decor_mini_mirrors
D:6:      gammafunk_steamed_eel, layout_loops_cross,
          mainiacjoe_overflow_small_starburst
D:7:      layout_rooms, minmay_temple_entry_enclosed_plants, minmay_checkerbox
D:8:      layout_rooms, mainiacjoe_overflow_two_lobes, lemuel_round_altar,
          serial_rivers, chequers_serial_rivers_small_b,
          chequers_serial_rivers_small_b, chequers_serial_rivers_room_a,
          chequers_serial_rivers_room_b, chequers_serial_rivers_room_b,
          grunt_decor_clamped, nicolae_blasting_shop, nicolae_wooded_promenade
D:9:      layout_basic, david_lair_shrubbed, uniq_joseph, uniq_erica,
          uniq_harold
D:10:     layout_cave_pools, david_orc_4
D:11:     minmay_the_grid_octo_tiled_octocenter [minmay_the_grid_octo_77,
          minmay_the_grid_octo_shrine, minmay_the_grid_octo_vomiting_pacman,
          minmay_the_grid_octo_clover_2, minmay_the_grid_octo_prize_star,
          minmay_the_grid_square_5x5_spiral,
          minmay_the_grid_square_5x5_two_walls_a,
          minmay_the_grid_square_5x5_shuriken,
          minmay_the_grid_square_5x5_eight_small], layout_cave_pools,
          serial_shops, bzr_entry_customers, kennysheep_nub, uniq_fannar
D:12:     layout_roguey
D:13:     lemuel_slime, layout_rooms, gauntlet_entry_generic,
          nicolae_trove_entry_isolated, gammafunk_ghost_arena,
          minmay_fractal_squares_gapless_5
D:14:     layout_cave_pools, erik_vaults_2, nicolae_kite_square_tiling_tiny
Temple:   nicolae_temple_bog_church
Lair:1:   layout_roguey, basic_altar
Lair:2:   layout_chaotic_city, minmay_shoals_entry_centaurs,
          spider_nest_entry_funnel_web,
          hellmonk_guarded_unrand_seven_league_boots, serial_bayou_shore_a
Lair:3:   minmay_lair_oklob_tunnel, layout_regular_city, minivault_24,
          lemuel_fruit_fields
Lair:4:   layout_gridlike, dpeg_slime_entry_enclosed, serial_bayou_lake_a,
          uniq_rupert
Lair:5:   evil_forest, layout_gridlike, kilobyte_rumbling_trees

Skill      XL: |  1  2  3  4  5  6  7  8  9 10 11 12 13 14 15 |
---------------+----------------------------------------------+-----
Axes           | 2 3 4 5 7 9 10 11 12 14 15 16 17 | 17.0
Fighting       | 4 5 6 7 9 10 12 13 | 13.0
Dodging        | 1 2 3 4 |  4.1
Throwing       | 1 3 6 7 |  7.1
Shields        | 4 5 6 7 8 |  8.1
Invocations    | 4 6 10 | 10.0
Armour         | 4 5 6 7 8 9 |  9.0

Action                     |  1- 3 |  4- 6 |  7- 9 | 10-12 | 13-15 || total
---------------------------+-------+-------+-------+-------+-------++-------
  Melee: War axe           |   105 |    89 |       |       |       ||   194
         Broad axe         |       |    56 |   167 |   274 |   497 ||   994
         Flail             |       |       |       |    12 |       ||    12
  Throw: Boomerang         |       |       |    91 |    18 |    79 ||   188
         Javelin           |       |       |       |       |    27 ||    27
 Invoke: Heroism           |       |       |     3 |    20 |    21 ||    44
         Finesse           |       |       |       |     1 |     6 ||     7
    Use: Scroll            |     2 |     8 |     4 |     6 |     8 ||    28
         Potion            |       |     4 |     2 |       |     1 ||     7
   Stab: Petrified         |       |       |       |       |     5 ||     5
 Armour: Scale mail        |    50 |    76 |   140 |   145 |   246 ||   657
  Dodge: Dodged            |    34 |    71 |   109 |   130 |   196 ||   540
  Block: Buckler           |    16 |    42 |   106 |   127 |   250 ||   541
         Reflection        |       |       |     1 |       |    14 ||    15

Table legend:
 A = Non-vault XP
 B = Vault XP
 C = Vault XP percentage of total XP
 D = Non-vault monster count
 E = Vault monster count
 F = Vault count percentage of total count
                 A         B        C        D         E       F
            +---------+---------+-------+---------+---------+-------
      Total |   58807 |   47313 |  44.6 |     371 |     160 |  30.1
            +---------+---------+-------+---------+---------+-------
        D:1 |      64 |       0 |   0.0 |      33 |       0 |   0.0
        D:2 |      85 |      35 |  29.2 |      10 |       1 |   9.1
        D:3 |      68 |      12 |  15.0 |      13 |       7 |  35.0
        D:4 |     321 |      22 |   6.4 |      27 |       5 |  15.6
        D:5 |     580 |       0 |   0.0 |      13 |       0 |   0.0
        D:6 |    1001 |       0 |   0.0 |      18 |       0 |   0.0
        D:7 |     399 |     210 |  34.5 |      11 |       4 |  26.7
        D:8 |    1411 |       0 |   0.0 |      21 |       0 |   0.0
        D:9 |    2732 |    2507 |  47.9 |      25 |       4 |  13.8
       D:10 |    1997 |     650 |  24.6 |      26 |      15 |  36.6
       D:11 |    5682 |   15402 |  73.1 |      22 |      35 |  61.4
       D:12 |    2486 |       0 |   0.0 |      14 |       0 |   0.0
       D:13 |    8457 |    2030 |  19.4 |      22 |      22 |  50.0
       D:14 |    5066 |    6874 |  57.6 |      12 |       8 |  40.0
     Lair:1 |    7472 |       0 |   0.0 |      28 |       0 |   0.0
     Lair:2 |    7224 |    5199 |  41.8 |      25 |      14 |  35.9
     Lair:3 |    5384 |    2507 |  31.8 |      19 |       6 |  24.0
     Lair:4 |    4468 |    1816 |  28.9 |      19 |       1 |   5.0
     Lair:5 |    3910 |    9909 |  71.7 |      13 |      33 |  71.7
      Sewer |       0 |     140 | 100.0 |       0 |       5 | 100.0
            +---------+---------+-------+---------+---------+-------
